[Event "Titled Tuesday Blitz December 13 Early 2022"]
[White "Lewtak, Damian"]
[Black "Urbina Perez, Juan Antonio"]
[WhiteFideId "1141724"]
[BlackFideId "2217368"]
[WhiteElo "2330"]
[BlackElo "2197"]
[Result "1-0"]
[Round "03"]
[TimeControl "180+1"]
[Date "2022.12.14"]
[WhiteClock "0:00:09"]
[BlackClock "0:00:08"]

1. e4 e5 2. Nf3 Nf6 3. Nxe5 d6 4. Nf3 Nxe4 5. c3 d5 6. d4 Bd6 7. Bd3 O-O 8. O-O Bf5 9. Qc2 Re8 10. Nbd2 Nxd2 11. Bxd2 Bxd3 12. Qxd3 h6 13. a4 c6 14. b4 a6 15. Rab1 Nd7 16. b5 axb5 17. axb5 Nf6 18. bxc6 bxc6 19. c4 Rb8 20. cxd5 cxd5 21. h3 Ne4 22. Be3 Qc7 23. Rfc1 Rxb1 24. Qxb1 Qb8 25. Qa2 Qa8 26. Ra1 Qxa2 27. Rxa2 Rb8 28. g3 Rd8 29. Kg2 Rb8 30. Nd2 Nxd2 31. Bxd2 Be7 32. Ra5 Rd8 33. Kf1 Bf6 34. Be3 h5 35. Ke2 g6 36. Kd3 Kf8 37. g4 hxg4 38. hxg4 Ke7 39. g5 Bg7 40. Bf4 Rd7 41. Ra6 Rb7 42. Bd6+ Kd7 43. Bc5 Rb3+ 44. Ke2 Rb2+ 45. Kf3 Rb3+ 46. Kg4 Rb2 47. Ra7+ Kc6 48. Rxf7 Bh8 49. Rf8 Bg7 50. Rc8+ Kd7 51. Rg8 Bxd4 52. Bxd4 Rb4 53. Rg7+ Ke8 54. Rxg6 Rxd4+ 55. f4 Kf7 56. Rf6+ Kg7 57. Kf5 Ra4 58. Rd6 Ra5 59. Rd7+ Kf8 60. g6 d4+ 61. Kf6 Ra6+ 62. Kg5 Ra5+ 63. f5 Ra8 64. Rxd4 Kg8 65. Rd7 Rf8 66. f6 Ra8 67. Rg7+ Kh8 68. Rh7+ Kg8 69. f7+ Kf8 70. Kh6 Ke7 71. f8=Q+ Kxf8 72. Rh8+ Ke7 73. Rxa8 1-0


[Site "https://www.chess.com"]

[Event "Titled Tuesday Blitz December 13 Early 2022"]
[White "Li, Hui"]
[Black "Namitbir Singh Walia"]
[WhiteFideId "15400310"]
[BlackFideId "35071068"]
[WhiteElo "1954"]
[BlackElo "2239"]
[Result "0-1"]
[Round "03"]
[TimeControl "180+1"]
[Date "2022.12.14"]
[WhiteClock "0:00:01"]
[BlackClock "0:00:07"]

1. e4 c5 2. Nf3 Nc6 3. d4 cxd4 4. Nxd4 g6 5. Nc3 Bg7 6. Be3 Nf6 7. Bc4 Qa5 8. O-O O-O 9. Bb3 d6 10. h3 Bd7 11. Re1 a6 12. Nf3 Rfc8 13. Nd5 Nxd5 14. exd5 Ne5 15. Nxe5 dxe5 16. c3 Bb5 17. Qd2 Bc4 18. Rad1 Bxb3 19. axb3 Rd8 20. c4 Qxd2 21. Bxd2 Rac8 22. Bc3 b5 23. cxb5 axb5 24. Bxe5 Rd7 25. Bxg7 Kxg7 26. Re2 Rc5 27. Rde1 Kf6 28. Re4 Rcxd5 29. Rf4+ Kg7 30. Rb4 Rc7 31. Re2 e6 32. g3 h5 33. h4 Rc1+ 34. Kg2 Rcd1 35. Kf3 R1d3+ 36. Kg2 Kf6 37. Rf4+ Ke7 38. Rb4 f5 39. Rc2 Kf6 40. Rc6 Rd2 41. Rb6 Rxb2 42. R4xb5 Rdd2 43. Ra5 Rxf2+ 44. Kg1 Rfe2 45. Kf1 Rh2 46. Kg1 Rhc2 47. Ra1 Rc3 48. Re1 Rxg3+ 49. Kh1 Rh3+ 50. Kg1 Rg3+ 51. Kh1 Rbxb3 52. Rexe6+ Kg7 53. Rxg6+ Rxg6 54. Rxb3 Rg4 55. Rb5 Kf6 56. Kh2 Rxh4+ 57. Kg3 Rg4+ 58. Kh3 Kg5 59. Rb8 Rc4 60. Rg8+ Kh6 61. Rh8+ Kg6 62. Rg8+ Kh7 63. Rg5 Rc3+ 64. Kh4 Rf3 65. Rxh5+ Kg6 66. Rg5+ Kf6 67. Rg8 Rf1 68. Kg3 Rg1+ 69. Kf4 Rxg8 0-1


[Site "https://www.chess.com"]

[Event "Titled Tuesday Blitz December 13 Early 2022"]
[White "Ljukin, Sergei"]
[Black "Martinez Ramirez, Lennis"]
[WhiteFideId "14102200"]
[BlackFideId "3509079"]
[WhiteElo "2312"]
[BlackElo "2439"]
[Result "0-1"]
[Round "03"]
[TimeControl "180+1"]
[Date "2022.12.14"]
[WhiteClock "0:01:37"]
[BlackClock "0:02:21"]

1. e4 c5 2. Nf3 Nc6 3. d4 cxd4 4. Nxd4 Nf6 5. Nc3 e5 6. Ndb5 d6 7. Nd5 Nxd5 8. exd5 Nb8 9. a4 Be7 10. Be2 O-O 11. O-O a6 12. Na3 Nd7 13. Nc4 a5 14. Be3 b6 15. f4 exf4 16. Bxf4 Nc5 17. Bf3 Ba6 18. Qd4 Bf6 0-1


[Site "https://www.chess.com"]

[Event "Titled Tuesday Blitz December 13 Early 2022"]
[White "Makhnev, Denis"]
[Black "Lawson, Eric"]
[WhiteFideId "13707647"]
[BlackFideId "2604116"]
[WhiteElo "2507"]
[BlackElo "2527"]
[Result "1-0"]
[Round "03"]
[TimeControl "180+1"]
[Date "2022.12.14"]
[WhiteClock "0:02:11"]
[BlackClock "0:00:50"]

1. d4 Nf6 2. c4 c5 3. d5 e6 4. Nc3 exd5 5. cxd5 d6 6. g3 g6 7. Bg2 Bg7 8. Nf3 O-O 9. O-O Re8 10. Bf4 a6 11. a4 Ne4 12. Nxe4 Rxe4 13. Nd2 Rb4 14. a5 Bxb2 15. Ra4 Bd7 16. Rxb4 cxb4 17. Nc4 Bc3 18. Nb6 Ra7 19. Bxd6 Bb5 20. Bc5 Nd7 21. Nxd7 Bxd7 22. Bxa7 Qxa5 23. d6 b6 24. Qd5 Qxd5 25. Bxd5 a5 26. Bxb6 a4 27. Ba5 Kf8 28. Rb1 Bf5 29. e4 a3 30. exf5 1-0


[Site "https://www.chess.com"]

[Event "Titled Tuesday Blitz December 13 Early 2022"]
[White "Maksimenko, Viktor"]
[Black "Shapiro, Daniel"]
[WhiteFideId "13710478"]
[BlackFideId "2001780"]
[WhiteElo "2277"]
[BlackElo "2351"]
[Result "0-1"]
[Round "03"]
[TimeControl "180+1"]
[Date "2022.12.14"]
[WhiteClock "0:00:34"]
[BlackClock "0:00:19"]

1. d4 Nf6 2. c4 e6 3. Nf3 d5 4. g3 Bb4+ 5. Bd2 Be7 6. Bg2 O-O 7. Qc2 c6 8. h4 b6 9. h5 h6 10. Nc3 Ba6 11. e4 Bxc4 12. e5 Nh7 13. g4 c5 14. Be3 Nc6 15. Qa4 Nb4 16. b3 b5 17. Nxb5 Nc2+ 18. Kd2 Bxb5 19. Qxb5 Nxa1 20. dxc5 Qc7 21. Rxa1 Rab8 22. Qd3 Bxc5 23. Bf1 Rfc8 24. Nd4 Bb4+ 25. Kd1 Qxe5 26. f4 Qe4 27. Qxe4 dxe4 28. Bc4 Nf6 29. Be2 Nd5 30. Bd2 Rd8 31. Nc6 Ne3+ 32. Ke1 Bxd2+ 33. Kf2 Nc2 34. Rh1 Bxf4 35. Nxb8 Rxb8 36. Bc4 Rd8 37. Rh3 Rd2+ 38. Kf1 Ne3+ 39. Ke1 Nxc4 40. bxc4 Rxa2 41. Rb3 e3 42. g5 Bg3+ 0-1


[Site "https://www.chess.com"]

[Event "Titled Tuesday Blitz December 13 Early 2022"]
[White "Maksimovic, Bojan"]
[Black "Jakubowska, Anna"]
[WhiteFideId "14408120"]
[BlackFideId "1121952"]
[WhiteElo "2462"]
[BlackElo "2001"]
[Result "1-0"]
[Round "03"]
[TimeControl "180+1"]
[Date "2022.12.14"]
[WhiteClock "0:00:01"]
[BlackClock "0:00:34"]

1. e4 c6 2. d3 d5 3. Nf3 g6 4. e5 Bg7 5. d4 Bg4 6. Nbd2 f6 7. exf6 exf6 8. h3 Bxf3 9. Nxf3 Ne7 10. Bd3 O-O 11. O-O Nd7 12. c4 f5 13. Re1 Nf6 14. Ng5 Qd7 15. Ne6 Rfe8 16. Nxg7 Kxg7 17. c5 Neg8 18. Bf4 h6 19. Be5 Kh7 20. b4 Qf7 21. Qd2 Nd7 22. Bd6 Rxe1+ 23. Rxe1 Re8 24. a4 a6 25. b5 axb5 26. axb5 Rxe1+ 27. Qxe1 Ngf6 28. f3 Kg7 29. bxc6 bxc6 30. Ba6 Nf8 31. Qe5 Kg8 32. Bb7 Qxb7 33. Qxf6 Qf7 34. Qd8 Kg7 35. Bxf8+ Qxf8 36. Qd7+ Kf6 37. Qxc6+ Kg5 38. Qxd5 Qb8 39. Qe5 Qb1+ 40. Kh2 h5 41. c6 h4 42. c7 Qc1 43. f4+ Kh5 44. Qh8# 1-0


[Site "https://www.chess.com"]

[Event "Titled Tuesday Blitz December 13 Early 2022"]
[White "Manukian, Artak"]
[Black "Moiseenko, Alexander"]
[WhiteFideId "13301373"]
[BlackFideId "14102560"]
[WhiteElo "2542"]
[BlackElo "2846"]
[Result "0-1"]
[Round "03"]
[TimeControl "180+1"]
[Date "2022.12.14"]
[WhiteClock "0:01:09"]
[BlackClock "0:00:56"]

1. e4 c5 2. Nf3 e6 3. c3 Nf6 4. e5 Nd5 5. d4 cxd4 6. cxd4 d6 7. Nc3 Nxc3 8. bxc3 Nc6 9. Bd3 dxe5 10. dxe5 Qa5 11. O-O Nxe5 12. Nxe5 Qxe5 13. Rb1 Bd6 14. Bb5+ Ke7 15. f4 Qc5+ 16. Kh1 Rd8 17. Qg4 Kf8 18. Qh3 Kg8 19. Be3 Qc7 20. Bd3 g6 21. Rb3 b6 22. c4 Bb7 23. Be2 Bf8 24. f5 exf5 25. Bg5 Re8 26. Bf6 Rxe2 27. Qxh7+ Kxh7 28. Rh3+ Bh6 0-1


[Site "https://www.chess.com"]

[Event "Titled Tuesday Blitz December 13 Early 2022"]
[White "Manukyan, Sargis A."]
[Black "Rustemov, Alexander"]
[WhiteFideId "13303970"]
[BlackFideId "4119002"]
[WhiteElo "2187"]
[BlackElo "2812"]
[Result "0-1"]
[Round "03"]
[TimeControl "180+1"]
[Date "2022.12.14"]
[WhiteClock "0:00:14"]
[BlackClock "0:00:20"]

1. d4 d5 2. c4 c6 3. Nc3 dxc4 4. a4 e5 5. e3 exd4 6. exd4 Be6 7. Nf3 Nf6 8. Be2 Nbd7 9. O-O Bb4 10. Nd2 Nb6 11. a5 Nbd5 12. Nxc4 Bxc3 13. bxc3 Nxc3 14. Qd3 Nxe2+ 15. Qxe2 O-O 16. Rd1 Bxc4 17. Qxc4 Nd5 18. a6 b5 19. Qxc6 Rb8 20. Qc5 Rb6 21. Bd2 b4 22. Rdb1 Qd7 23. h3 Rfb8 24. Ra2 h6 25. Rab2 Qb5 26. Rc1 Rxa6 27. Rc4 Qxc5 28. Rxc5 Rd6 29. Ra5 Rb7 30. Rba2 b3 31. Rb2 f6 32. f3 Kf7 33. Kf2 Ke6 34. Ra3 Rdb6 35. Ke2 Kd6 36. Kd3 h5 37. Kc4 h4 38. Raxb3 Rxb3 39. Rxb3 Rxb3 40. Kxb3 g5 41. Kc4 Nf4 42. Bc3 Nxg2 43. d5 Ne3+ 44. Kd4 Nxd5 45. Bb2 Nf4 46. Ke4 Ke6 47. Bd4 a5 48. Be3 a4 49. Kd4 Nxh3 50. Kc4 Nf4 51. Kd4 a3 52. Ke4 a2 53. Bd4 h3 54. Ke3 h2 55. Kf2 h1=Q 0-1


[Site "https://www.chess.com"]

[Event "Titled Tuesday Blitz December 13 Early 2022"]
[White "Martin Duque, Jesus"]
[Black "Vianello, Enrico"]
[WhiteFideId "2208954"]
[BlackFideId "810738"]
[WhiteElo "2297"]
[BlackElo "2100"]
[Result "1-0"]
[Round "03"]
[TimeControl "180+1"]
[Date "2022.12.14"]
[WhiteClock "0:01:01"]
[BlackClock "0:01:41"]

1. d4 d5 2. c4 Nc6 3. e3 e5 4. cxd5 Qxd5 5. Nc3 Bb4 6. Bd2 Bxc3 7. bxc3 Nf6 8. Qb3 Qd6 9. Bb5 Bd7 10. Nf3 e4 11. Bxc6 Bxc6 12. Ne5 O-O 13. c4 b6 14. Bb4 Qe6 15. Nxc6 Qxc6 16. Bxf8 Rxf8 17. O-O-O a6 18. h3 b5 19. c5 Nd5 20. a3 a5 21. Kb2 Rb8 22. Rc1 a4 23. Qc2 b4 24. Qxe4 bxa3+ 25. Ka1 a2 26. f3 g6 27. Kxa2 Nb4+ 28. Ka1 Qb5 29. Rc3 Qe2 30. Qb1 a3 31. Qb3 Nd5 32. Qxb8+ 1-0


[Site "https://www.chess.com"]

[Event "Titled Tuesday Blitz December 13 Early 2022"]
[White "Mendez Fortes, Eduardo Jesus"]
[Black "Todorovic, Bojan"]
[WhiteFideId "3502376"]
[BlackFideId "917087"]
[WhiteElo "2307"]
[BlackElo "2266"]
[Result "1-0"]
[Round "03"]
[TimeControl "180+1"]
[Date "2022.12.14"]
[WhiteClock "0:00:07"]
[BlackClock "0:00:03"]

1. e4 c5 2. Nf3 Nc6 3. d4 cxd4 4. Nxd4 e5 5. Nb5 a6 6. Nd6+ Bxd6 7. Qxd6 Qf6 8. Qd1 Nge7 9. Nc3 Qg6 10. h4 h5 11. Bg5 d5 12. Bxe7 Nxe7 13. exd5 Bf5 14. d6 Nc6 15. Qd2 O-O 16. O-O-O Rfd8 17. Bd3 Nd4 18. Bxf5 Qxf5 19. Nd5 Qe6 20. Qa5 Qxd6 21. Ne3 Rac8 22. Kb1 Qg6 23. Rd2 Nc6 24. Rxd8+ Rxd8 25. Qc3 Rd4 26. Qe1 Qe6 27. c3 Rd3 28. Qe2 e4 29. Nc2 g6 30. Re1 Qd5 31. Ne3 Qc5 32. g4 Ne5 33. gxh5 Nf3 34. Rd1 Rxd1+ 35. Qxd1 Qxh5 36. Qd8+ Kg7 37. Qe7 Qb5 38. a3 Qb3 39. Kc1 Qb5 40. Qxe4 Qe2 41. Qc2 Qe1+ 42. Nd1 Ne5 43. Qd2 Qe4 44. f3 Nd3+ 45. Kb1 Qf5 46. Ne3 1-0


[Site "https://www.chess.com"]

[Event "Titled Tuesday Blitz December 13 Early 2022"]
[White "Mestnikov, Aisen"]
[Black "Dong, Bao Nghia"]
[WhiteFideId "34130117"]
[BlackFideId "12400343"]
[WhiteElo "2027"]
[BlackElo "2305"]
[Result "0-1"]
[Round "03"]
[TimeControl "180+1"]
[Date "2022.12.14"]
[WhiteClock "0:00:03"]
[BlackClock "0:01:03"]

1. d4 Nf6 2. c4 d6 3. Nf3 g6 4. Nc3 Bg7 5. e4 O-O 6. Be2 Nbd7 7. O-O e5 8. d5 Nc5 9. Qc2 a5 10. Bg5 h6 11. Bh4 g5 12. Bg3 Nh5 13. b3 Nf4 14. a3 f5 15. Nd2 Nxe2+ 16. Nxe2 f4 17. b4 Nd7 18. c5 fxg3 19. Nxg3 Nf6 20. Nc4 h5 21. Nxa5 h4 22. Nf5 Bxf5 23. exf5 dxc5 24. Nxb7 Qxd5 25. Nxc5 e4 26. Rad1 Qxf5 27. a4 Rae8 28. a5 h3 29. Qb3+ Rf7 30. Qxh3 Qxh3 31. gxh3 Bf8 32. Rc1 Nd5 33. Rfe1 Nxb4 34. Rxe4 Rxe4 35. Nxe4 Re7 36. Rc4 Re5 37. Nf6+ Kf7 38. Nd7 Re1+ 39. Kg2 Bd6 40. Nc5 Nd5 41. Nb7 Ra1 42. Kf3 Ke6 43. Kg4 Bf4 44. h4 Rg1+ 45. Kf3 gxh4 46. a6 Ra1 47. Nc5+ Kf5 48. Nd3 Ra3 49. Ke2 Rxa6 50. Rc5 c6 51. Nb4 Ra3 52. Nxc6 Ke6 53. Nd4+ Kd6 54. Rc6+ Ke5 55. Nf3+ Kf5 56. Nd4+ Kg4 57. Rc5 Nc3+ 58. Kf1 h3 59. f3+ Kh4 60. Nf5+ Kg5 61. Ng3+ Kg6 62. Ne4 Nxe4 63. fxe4 Bxh2 64. Rc8 Bg3 65. Rg8+ Kh5 66. Rh8+ Kg4 67. e5 Kf3 68. Rf8+ Bf4 69. e6 Ra1# 0-1


[Site "https://www.chess.com"]

[Event "Titled Tuesday Blitz December 13 Early 2022"]
[White "Mika, Tomasz"]
[Black "Dilanyan, Grigor"]
[WhiteFideId "1132970"]
[BlackFideId "13303570"]
[WhiteElo "2179"]
[BlackElo "2229"]
[Result "0-1"]
[Round "03"]
[TimeControl "180+1"]
[Date "2022.12.14"]
[WhiteClock "0:00:04"]
[BlackClock "0:00:10"]

1. Nf3 Nf6 2. c4 g6 3. b4 Bg7 4. Bb2 O-O 5. d3 a5 6. b5 d5 7. c5 a4 8. g3 Bd7 9. Na3 c6 10. b6 Na6 11. Rc1 Bg4 12. Bg2 Bxf3 13. Bxf3 Nd7 14. Bxg7 Kxg7 15. d4 e5 16. e3 exd4 17. exd4 Re8+ 18. Kf1 h5 19. h4 Nf6 20. Kg2 Ne4 21. Re1 Nb4 22. Ra1 Qf6 23. Re3 Re6 24. Qe1 Qxd4 25. Rd1 Qxc5 26. Bxe4 dxe4 27. Rxe4 Rae8 28. Qxb4 Qxb4 29. Rxb4 Re2 30. Rf4 R8e7 31. Rxa4 Rxa2 32. Rdd4 Ree2 33. Rf4 f5 34. Ra7 Kf6 35. Raa4 Reb2 36. Nc4 Rxf2+ 37. Rxf2 Rxa4 38. Rc2 Rb4 39. Kf3 Ke6 40. Ke3 Kd5 41. Nd2 Rxb6 42. Kf4 Rb4+ 43. Ke3 c5 44. Nf3 b5 45. Rd2+ Ke6 46. Ng5+ Ke5 47. Rd7 Rb3+ 48. Kf2 c4 49. Nf3+ Ke6 50. Rg7 Kf6 51. Rb7 b4 52. Rb6+ Kg7 53. Ne5 c3 54. Rxg6+ Kh7 55. Rb6 Rb2+ 56. Kf3 c2 57. Kf4 c1=Q+ 58. Kxf5 Rf2+ 0-1


[Site "https://www.chess.com"]

[Event "Titled Tuesday Blitz December 13 Early 2022"]
[White "Miller, Luke C"]
[Black "Rohith Krishna S"]
[WhiteFideId "2096935"]
[BlackFideId "46617051"]
[WhiteElo "2496"]
[BlackElo "2270"]
[Result "1-0"]
[Round "03"]
[TimeControl "180+1"]
[Date "2022.12.14"]
[WhiteClock "0:00:03"]
[BlackClock "0:00:19"]

1. e4 e5 2. f4 exf4 3. Nf3 g5 4. h4 g4 5. Ne5 h5 6. Bc4 Nh6 7. d4 d6 8. Nd3 Be7 9. Bxf4 Be6 10. d5 Bd7 11. g3 a5 12. Nc3 c6 13. Qd2 Bf8 14. dxc6 bxc6 15. Rf1 a4 16. Bg5 Qb6 17. Qf4 f5 18. exf5 Bc8 19. O-O-O Kd7 20. Ne5+ Kc7 21. Ng6 a3 22. b3 Nxf5 23. Nxh8 Bg7 24. Ne4 Be5 25. Bd8+ Kxd8 26. Qxe5 Qe3+ 27. Kb1 Kc7 28. Qf4 Kb7 29. Nxd6+ Kc7 30. Ne8+ Kb6 31. Qc7+ Kc5 32. Rxf5+ Bxf5 33. Qd6+ Kb6 34. Qb4+ Ka7 35. Qa5+ Kb7 36. Nd6# 1-0


[Site "https://www.chess.com"]

[Event "Titled Tuesday Blitz December 13 Early 2022"]
[White "Miszler, Levente"]
[Black "Koellner, Ruben Gideon"]
[WhiteFideId "763276"]
[BlackFideId "12993093"]
[WhiteElo "2176"]
[BlackElo "2303"]
[Result "1/2-1/2"]
[Round "03"]
[TimeControl "180+1"]
[Date "2022.12.14"]
[WhiteClock "0:00:11"]
[BlackClock "0:00:04"]

1. Nf3 Nf6 2. c4 e6 3. g3 d5 4. Bg2 Be7 5. O-O O-O 6. b3 c5 7. Bb2 Nc6 8. e3 d4 9. exd4 cxd4 10. Re1 a5 11. a3 Bc5 12. d3 Re8 13. Nbd2 e5 14. Qc2 Bf5 15. Nh4 Be6 16. Ndf3 Qd6 17. Ng5 Bd7 18. Ne4 Nxe4 19. Bxe4 g6 20. Re2 Bg4 21. Bf3 Bxf3 22. Nxf3 f6 23. Nd2 f5 24. Rae1 Bxa3 25. Bxa3 Qxa3 26. f4 Qc5 27. fxe5 Rxe5 28. Kg2 Rae8 29. Nf3 Re3 30. Qb2 h6 31. Rxe3 Rxe3 32. Rxe3 dxe3 33. d4 Qe7 34. d5 Nb4 35. Ne5 Kh7 36. Kf3 g5 37. Kxe3 Qf6 38. Nd3 Qxb2 39. Nxb2 Kg6 40. Na4 Na6 41. Kd4 Kf6 42. c5 h5 43. Nb6 f4 44. gxf4 gxf4 45. Nd7+ Kf5 46. c6 bxc6 47. dxc6 Nc7 48. Ne5 Ne6+ 49. Kd5 Nc7+ 50. Kd6 Nb5+ 51. Kd5 Nc3+ 52. Kd4 Nb5+ 53. Kd5 Nc7+ 54. Kd6 Ne8+ 55. Kd5 Nc7+ 1/2-1/2


[Site "https://www.chess.com"]

[Event "Titled Tuesday Blitz December 13 Early 2022"]
[White "Mitrovic, Darko R"]
[Black "Bogaudinov, Rushan"]
[WhiteFideId "927023"]
[BlackFideId "4129288"]
[WhiteElo "2150"]
[BlackElo "2028"]
[Result "0-1"]
[Round "03"]
[TimeControl "180+1"]
[Date "2022.12.14"]
[WhiteClock "0:00:01"]
[BlackClock "0:00:12"]

1. d4 Nf6 2. c4 e6 3. Nf3 c5 4. d5 d6 5. Nc3 g6 6. g3 Bg7 7. Bg2 O-O 8. O-O exd5 9. cxd5 b5 10. Nxb5 Ba6 11. a4 Bxb5 12. axb5 Nbd7 13. Nd2 Re8 14. Nc4 Nb6 15. Na5 Qd7 16. Nc6 Ne4 17. f3 Nf6 18. e4 Qc7 19. Re1 Nfd7 20. Bf1 Ne5 21. Kg2 h5 22. h4 Kh7 23. Qc2 Rf8 24. Bf4 f5 25. exf5 Rxf5 26. Bxe5 Bxe5 27. Nxe5 dxe5 28. Bd3 Rf6 29. Be4 Qd6 30. Ra6 c4 31. Rea1 Rf7 32. Qc3 Rc7 33. Qc2 Kg7 34. Bxg6 Qxg6 35. Qxg6+ Kxg6 36. Rxb6+ axb6 37. Rxa8 Rc5 38. d6 Rd5 39. Rc8 Rxd6 40. Rxc4 Rd2+ 41. Kh3 Rxb2 42. Rc6+ Kf5 43. Rxb6 Rb3 44. Rh6 Rxf3 45. Rxh5+ Ke6 46. Kg4 Rb3 47. b6 Rb4+ 48. Kg5 e4 49. Kf4 Kd6 50. Rh6+ Kd5 51. h5 Rb3 52. Rg6 Rf3+ 53. Kg4 Rb3 54. h6 e3 55. h7 Rb4+ 56. Kg5 e2 57. h8=Q e1=Q 58. Qd8+ Kc4 59. Qc7+ Kb3 60. Qf7+ Ka3 0-1


[Site "https://www.chess.com"]

[Event "Titled Tuesday Blitz December 13 Early 2022"]
[White "Mkrtchian, Lilit"]
[Black "Mogirzan, Matei-Valeriu"]
[WhiteFideId "13300601"]
[BlackFideId "1257455"]
[WhiteElo "2316"]
[BlackElo "1733"]
[Result "0-1"]
[Round "03"]
[TimeControl "180+1"]
[Date "2022.12.14"]
[WhiteClock "0:00:02"]
[BlackClock "0:00:06"]

1. Nf3 Nf6 2. g3 b6 3. Bg2 Bb7 4. O-O e6 5. c4 d5 6. cxd5 exd5 7. d4 Nbd7 8. Nc3 c6 9. Qc2 Bb4 10. Ne5 O-O 11. Bg5 Be7 12. e4 dxe4 13. Nxe4 Nxe4 14. Qxe4 Bxg5 15. Nxc6 Bxc6 16. Qxc6 Rc8 17. Qa4 Bf6 18. Rad1 a5 19. Rd2 Qc7 20. h4 g6 21. Qb5 Nb8 22. Re1 Qd6 23. Red1 Bg7 24. Qg5 Nc6 25. Qg4 f5 26. Qf3 Nxd4 27. Qd5+ Qxd5 28. Bxd5+ Kh8 29. Rxd4 Bxd4 30. Rxd4 Rfd8 31. Rd3 Rc5 32. Bc4 Rxd3 33. Bxd3 Rd5 34. Bc4 Rd2 0-1


[Site "https://www.chess.com"]

[Event "Titled Tuesday Blitz December 13 Early 2022"]
[White "Moroni, Luca Jr"]
[Black "Fiedorek, Michal"]
[WhiteFideId "865834"]
[BlackFideId "1199528"]
[WhiteElo "2844"]
[BlackElo "2428"]
[Result "1-0"]
[Round "03"]
[TimeControl "180+1"]
[Date "2022.12.14"]
[WhiteClock "0:00:03"]
[BlackClock "0:00:03"]

1. d4 Nf6 2. Bf4 g6 3. Nc3 d5 4. Nb5 Na6 5. e3 Bg7 6. Nf3 O-O 7. h3 c6 8. Nc3 Bf5 9. g4 Be4 10. Nxe4 Nxe4 11. c3 Nc7 12. Bd3 Ne6 13. Be5 Qb6 14. Qb3 Rfe8 15. Bxg7 Kxg7 16. Qxb6 axb6 17. Bxe4 dxe4 18. Nd2 f5 19. a3 Kf6 20. Ke2 b5 21. Rag1 Rg8 22. Rg2 Nc7 23. h4 e6 24. g5+ Ke7 25. h5 gxh5 26. Rxh5 Rg7 27. f3 exf3+ 28. Nxf3 Kf7 29. Rxh7 Rxh7 30. g6+ Kg7 31. gxh7+ Kxh7 32. Ng5+ Kh6 33. Nf7+ Kh7 34. Nd6 b6 35. Nf7 Re8 36. Kf3 Nd5 37. e4 Nf6 38. exf5 exf5 39. Ne5 c5 40. Rg5 cxd4 41. cxd4 Nd5 42. Rxf5 b4 43. Ng4 Ne7 44. Rf6 bxa3 45. bxa3 Ng6 46. Rxb6 Ra8 47. Rb3 Kg7 48. d5 Kf7 49. Rb7+ Kf8 50. Rb3 Ke7 51. Rb7+ Kf8 52. Ke4 Rxa3 53. Kf5 Ne7+ 54. Ke6 Nxd5 55. Kxd5 Rd3+ 56. Ke6 Rd1 57. Ne5 Re1 58. Rf7+ Kg8 59. Rf2 Re3 60. Kf6 Re1 61. Nd7 Kh7 62. Kf7 Kh6 63. Kf6 Kh5 64. Ne5 Kh4 65. Rf5 Kg3 66. Kg5 Kg2 67. Ng6 Rf1 68. Nf4+ Kg1 69. Kg4 1-0


[Site "https://www.chess.com"]

[Event "Titled Tuesday Blitz December 13 Early 2022"]
[White "Mortazavi, Ali"]
[Black "Madaminov, Mukhiddin"]
[WhiteFideId "401323"]
[BlackFideId "14210703"]
[WhiteElo "2339"]
[BlackElo "2333"]
[Result "0-1"]
[Round "03"]
[TimeControl "180+1"]
[Date "2022.12.14"]
[WhiteClock "0:00:08"]
[BlackClock "0:01:41"]

1. Nf3 Nf6 2. g3 g6 3. Bg2 Bg7 4. O-O O-O 5. d3 d5 6. Nbd2 c5 7. e3 Nc6 8. e4 e5 9. c3 h6 10. Qa4 Qc7 11. b4 c4 12. dxc4 Nxe4 13. Nxe4 dxe4 14. Ne1 f5 15. c5 Be6 16. Nc2 Rfd8 17. Na3 a6 18. Re1 Rd3 19. Qc2 Rad8 20. g4 Qf7 21. Qe2 Rxc3 22. gxf5 gxf5 23. Kh1 Nd4 24. Qb2 Rd3 25. Be3 Kh7 26. Rg1 Nf3 27. Bxf3 exf3 28. Rac1 f4 0-1


[Site "https://www.chess.com"]

[Event "Titled Tuesday Blitz December 13 Early 2022"]
[White "Moskalenko, Alexander"]
[Black "Shevtchenko, Olesya"]
[WhiteFideId "4155351"]
[BlackFideId "24131890"]
[WhiteElo "2811"]
[BlackElo "2368"]
[Result "0-1"]
[Round "03"]
[TimeControl "180+1"]
[Date "2022.12.14"]
[WhiteClock "0:00:07"]
[BlackClock "0:00:20"]

1. c4 Nf6 2. Nc3 e6 3. e4 d5 4. cxd5 exd5 5. e5 Ne4 6. Nf3 Nc6 7. Bb5 Bc5 8. d4 Bb4 9. Qc2 Bf5 10. Bd3 O-O 11. O-O Qd7 12. Be3 Bxc3 13. bxc3 Na5 14. Nd2 Qc6 15. Rfc1 Nxd2 16. Bxf5 Ndc4 17. Bxh7+ Kh8 18. Bf5 Nxe3 19. fxe3 Qh6 20. Qf2 Nc4 21. Re1 f6 22. e6 Rae8 23. e4 g6 24. exd5 gxf5 25. Qxf5 Rg8 26. g3 Rg5 27. Qf4 Nd6 28. c4 Nf5 29. Qxc7 Reg8 30. Kg2 Nh4+ 31. Kg1 Nf3+ 32. Kg2 Rf5 33. h4 Qxh4 34. Rh1 Nh2 35. Rxh2 Rf2+ 36. Kxf2 Qxh2+ 37. Kf3 Qh5+ 38. Kf2 Qh2+ 39. Kf3 Qh5+ 40. Ke3 Qh6+ 41. Qf4 Rxg3+ 42. Ke4 Qg6+ 43. Qf5 Rg4+ 44. Ke3 Qxf5 45. Rh1+ Kg7 46. e7 Qe4+ 47. Kd2 Rg2+ 48. Kc3 Qxe7 0-1


[Site "https://www.chess.com"]

[Event "Titled Tuesday Blitz December 13 Early 2022"]
[White "Movahed, Sina"]
[Black "Minko, Dmitry"]
[WhiteFideId "42520835"]
[BlackFideId "24188468"]
[WhiteElo "2225"]
[BlackElo "2147"]
[Result "1-0"]
[Round "03"]
[TimeControl "180+1"]
[Date "2022.12.14"]
[WhiteClock "0:00:51"]
[BlackClock "0:00:05"]

1. Nf3 Nf6 2. g3 d5 3. Bg2 c5 4. O-O e6 5. c4 Nbd7 6. cxd5 exd5 7. d4 b6 8. Nc3 Bb7 9. Bf4 Be7 10. Nb5 O-O 11. Bc7 Qc8 12. Bf4 Ne4 13. dxc5 bxc5 14. Nc7 Ndf6 15. Nxa8 Qxa8 16. Nd2 h6 17. Nxe4 Nxe4 18. Rc1 Bf6 19. b3 Nc3 20. Qd3 d4 21. Bxb7 Qxb7 22. Bd2 Nxa2 23. Rxc5 Nc3 24. Qc4 Ne4 25. Rc7 Qb8 26. Bb4 Be5 27. Bxf8 Qxc7 28. Qxc7 Bxc7 29. Bb4 Bb6 30. Kg2 f5 31. f3 Nf6 32. Rc1 Nd5 33. Bd2 Kf7 34. Rc6 Nc7 35. f4 Na6 36. b4 Nc7 37. Kf3 Nd5 38. g4 fxg4+ 39. Kxg4 Ne7 40. Rd6 g6 41. h4 Nf5 42. Rd7+ Ke6 43. Rh7 h5+ 44. Kg5 Ne7 45. Rg7 Bd8 46. Rxg6+ Nxg6+ 47. Kxg6 Bxh4 48. Kxh5 Be7 49. Kg6 a6 50. f5+ Ke5 51. Be1 Ke4 52. f6 Bxf6 53. Kxf6 Ke3 54. Ke5 d3 55. exd3 Kxd3 56. Kd5 Kc2 57. Kc5 Kb3 58. Kb6 a5 59. bxa5 1-0


[Site "https://www.chess.com"]

[Event "Titled Tuesday Blitz December 13 Early 2022"]
[White "Musovic, Armin"]
[Black "Fier, Alexandr"]
[WhiteFideId "939935"]
[BlackFideId "2107139"]
[WhiteElo "2288"]
[BlackElo "2612"]
[Result "0-1"]
[Round "03"]
[TimeControl "180+1"]
[Date "2022.12.14"]
[WhiteClock "0:02:51"]
[BlackClock "0:02:57"]

1. a3 d5 2. Nc3 d4 3. Ne4 e5 4. Ng3 f5 5. e4 dxe3 6. fxe3 Nf6 7. Bc4 Bd6 8. Nf3 h5 9. h4 e4 10. Bf7+ Kxf7 11. Ng5+ Kg6 12. Kf2 Ng4+ 13. Qxg4 0-1


[Site "https://www.chess.com"]

[Event "Titled Tuesday Blitz December 13 Early 2022"]
[White "Mustafayev, Farid"]
[Black "Mazurkiewicz, Michal"]
[WhiteFideId "13408771"]
[BlackFideId "1124943"]
[WhiteElo "2192"]
[BlackElo "2081"]
[Result "0-1"]
[Round "03"]
[TimeControl "180+1"]
[Date "2022.12.14"]
[WhiteClock "0:02:18"]
[BlackClock "0:01:14"]

1. d4 Nf6 2. c4 e5 3. Nc3 exd4 4. Qxd4 Nc6 5. Qd2 Bc5 6. e3 O-O 7. Bd3 Kh8 8. b3 d5 9. cxd5 Nxd5 10. Bb2 Ndb4 11. Rd1 Qg5 12. Be4 Rd8 13. Nf3 Rxd2 14. Nxg5 Rxb2 15. a3 Nc2+ 16. Kf1 Bg4 17. Rd2 Nxe3+ 0-1


[Site "https://www.chess.com"]